cohdb
Replays
Latest Replays
All Replays
Popular Replays
Top Player Replays
Match Explorer
How It Works
Community
CoH3 Stats
Reddit
Sign in to upload your games and track your stats! →
Sign in with Steam
Match 45753922
Unlisted
Match 45753922
Overview
Messages
Build Orders
End
Selects Italian Combined Arms Battlegroup
Selects Bersaglieri Squad
Bersaglieri Squad
Panzerpioneer Squad
Bersaglieri Squad
Construct Light Support Kompanie
2.5-tonne Medical Truck
Selects Bersaglieri Bolster
Bersaglieri Squad
Fire Support Elements
Bersaglieri Squad
Assault Mechanized Group
Flakvierling Half-track
Selects Breda Model 30 Light Machine Guns
Vehicle Survival Package
Veteran Squad Leaders
Construct Panzerarmee Kommand
Emergency Repair Kits
Rapid Advance
JEFG
Seocheon
Leonovsky75
Guziol#
0
0
Comments
sign in to comment!
No comments posted yet!